 Dungeon Crawl Stone Soup version 0.31-a0-175-g9f7f995f2b (webtiles) character file.

Game seed: 6399596919693557850

18 CowFu the Caller (level 2, -2/20 HPs)
             Began as a Gnoll Summoner on June 17, 2023.
             Slain by a hobgoblin (4 damage)
             ... on level 1 of the Dungeon.
             The game lasted 00:00:43 (488 turns).

CowFu the Caller (Gnoll Summoner)                    Turns: 488, Time: 00:00:43

Health: -2/20      AC:  2    Str:  7    XL:     2   Next: 70%
Magic:  4/7        EV: 13    Int: 14    God:
Gold:   30         SH:  0    Dex: 12    Spells: 9/10 levels left

rFire   . . .        c - +0 club
rCold   . . .        (no shield)
rNeg    . . .        a - +0 robe
rPois   .            (no helmet)
rElec   .            (no cloak)
rCorr   .            (no gloves)
SInv    .            (no boots)
Will    .....        (no amulet)
Stlth   ++           (no ring)
HPRegen 0.23/turn    (no ring)
MPRegen 0.10/turn

%: no passive effects
@: no status effects
A: fangs 1, strong nose, distributed training
a: no special abilities


You were on level 1 of the Dungeon.
You visited 1 branch of the dungeon, and saw 1 of its levels.

You collected 30 gold pieces.

Inventory:

Hand Weapons
 c - a +0 club (weapon)
Armour
 a - a +0 robe (worn)
Scrolls
 e - a scroll of blinking {unknown}
 f - a scroll of brand weapon {unknown}
Potions
 b - a potion of magic
 d - 4 potions of curing {unknown}


   Skills:
 + Level 0.5 Fighting
 + Level 0.5 Short Blades
 + Level 0.5 Long Blades
 + Level 0.5 Axes
 + Level 0.5 Maces & Flails
 + Level 0.5 Polearms
 + Level 0.5 Staves
 + Level 0.5 Ranged Weapons
 + Level 0.5 Throwing
 + Level 0.5 Armour
 + Level 4.5 Dodging
 + Level 4.1 Stealth
 + Level 0.5 Shields
 + Level 0.5 Unarmed Combat
 + Level 4.9 Spellcasting
 + Level 0.3 Conjurations
 + Level 0.3 Hexes
 + Level 7.0 Summonings
 + Level 0.3 Necromancy
 + Level 0.3 Translocations
 + Level 0.3 Transmutations
 + Level 0.3 Fire Magic
 + Level 0.3 Ice Magic
 + Level 0.3 Air Magic
 + Level 0.3 Earth Magic
 + Level 0.3 Poison Magic
 + Level 0.6 Invocations
 + Level 0.5 Evocations


You had 9 spell levels left.
You knew the following spells:

 Your Spells              Type           Power      Damage    Failure   Level
a - Summon Small Mammal   Summ           92%        N/A       1%          1

Your spell library contained the following spells:

 Spells                   Type           Power      Damage    Failure   Level
 Call Imp                 Summ           46%        N/A       1%          2
 Call Canine Familiar     Summ           23%        N/A       3%          3
 Summon Guardian Golem    Hex/Summ       13%        N/A       12%         3
 Summon Lightning Spire   Summ/Air       13%        N/A       36%         4


Dungeon Overview and Level Annotations

Branches:
Dungeon (1/15)

Altars:


Innate Abilities, Weirdness & Mutations

You have very sharp teeth.
Your uncanny sense of smell can sniff out nearby items.
Your experience applies equally to all skills.


Message History

Your bat hits the giant cockroach but does no damage.
Your bat closely misses the giant cockroach.
The giant cockroach bites your bat but does no damage.
The giant cockroach barely misses you.
Your bat hits the giant cockroach.
The giant cockroach dies!
Casting: Summon Small Mammal (safe; 1% risk of failure)
Confirm with . or Enter, or press ? or * to list all spells.
Your bat closely misses the goblin.
Your bat hits the goblin. The goblin misses your bat.
Your bat barely misses the goblin.
Your bat closely misses the goblin.
Your bat hits the goblin.
The goblin dies!
You completely miss the giant cockroach.
The giant cockroach is moderately wounded.
Your quokka bites the giant cockroach.
The giant cockroach closely misses you.
Your quokka barely misses the giant cockroach.
You hit the giant cockroach but do no damage.
The giant cockroach is severely wounded.
Your bat hits the giant cockroach but does no damage.
Your quokka bites the giant cockroach.
The giant cockroach dies!
You hit the hobgoblin. Your bite misses the hobgoblin.
The hobgoblin is lightly wounded.
Your bat barely misses the hobgoblin.
Your quokka closely misses the hobgoblin.
The hobgoblin hits you.
Your quokka barely misses the hobgoblin.
You closely miss the hobgoblin.
The hobgoblin is lightly wounded.
Your bat hits the hobgoblin but does no damage.
The hobgoblin misses you.
Your quokka barely misses the hobgoblin.
The hobgoblin hits you.
* * * LOW HITPOINT WARNING * * *
You hit the hobgoblin.
The hobgoblin is moderately wounded.
Your bat closely misses the hobgoblin.
Your quokka closely misses the hobgoblin.
The hobgoblin hits you.
You die...

#(........#.......#.
.##.......(..÷........
........#...##.#......
............#.#......
......##......#......
#...##.##.#.#......
#....#.##.###.###..
#...b†........# ###
#.@†r...###8'8###..
###g#..##≈≈~.~~≈##.
..##### #.#.##~~~.P.≈~~##
.......##.###≈~P..8..P≈≈#
.....r.§..##~~~.......~~~
..........##~P.8..<..8.P≈
...........#≈~~.......~~≈
.........#.##≈≈P..8..P≈≈#
..####...#..##≈~~.P.~~≈##


You could see a hobgoblin (ally target), a friendly quokka (summoned) and a
friendly bat (summoned).

Vanquished Creatures
  A giant cockroach (D:1)
  2 goblins (D:1)
  A frilled lizard (D:1)
  A rat (D:1)
5 creatures vanquished.

Vanquished Creatures (collateral kills)
  A dart slug (D:1)
  2 giant cockroaches (D:1)
  3 goblins (D:1)
  A hobgoblin (D:1)
  A bat (D:1)
  A frilled lizard (D:1)
  A rat (D:1)
10 creatures vanquished.

Grand Total: 15 creatures vanquished

Notes
Turn   | Place    | Note
-------+----------+-------------------------------------------
     0 | D:1      | CowFu the Gnoll Summoner began the quest for the Orb.
     0 | D:1      | Reached XP level 1. HP: 13/13 MP: 6/6
   157 | D:1      | Reached XP level 2. HP: 18/19 MP: 4/7
   488 | D:1      | Slain by a hobgoblin

Illustrated notes

Levels and vault maps discovered:
D:1:      lightli_arrival_statuegarden, layout_basic

Action                     || total
---------------------------++-------
  Melee: Unarmed           ||     6
         Club              ||    30
   Cast: Summon Small Mamm ||    24
 Armour: Robe              ||    22
  Dodge: Dodged            ||    43

Table legend: (Time is in decaauts)
 A = Elapsed time spent in this place.
 B = Non-inter-level travel time spent in this place.
 C = Inter-level travel time spent in this place.
 D = Time resting spent in this place.
 E = Time spent auto-exploring this place.
 F = Levels seen in this place.
 G = Mean time per level.
                   A        B        C        D        E       F      G
               +--------+--------+--------+--------+--------+-----+--------+
         Total |    496 |    496 |      0 |      0 |    353 |   1 |  496.0 |
       Dungeon |    496 |    496 |      0 |      0 |    353 |   1 |  496.0 |
               +--------+--------+--------+--------+--------+-----+--------+

Top non-repeatable levels by time:
     D:1: 496 daAuts
